 Dungeon Crawl Stone Soup version 0.30-a0-469-g84de5afbc5 (webtiles) character file.

Game seed: 17121169467479388316

223 Darkkill the Shooter (level 5, -1/46 HPs)
             Began as a Minotaur Hunter on Dec 19, 2022.
             Slain by a sky beast (6 damage)
             ... on level 4 of the Dungeon.
             The game lasted 00:02:55 (2374 turns).

Darkkill the Shooter (Minotaur Hunter)              Turns: 2374, Time: 00:02:55

Health: -1/46      AC:  4    Str: 16    XL:     5   Next: 66%
Magic:  4/4        EV: 13    Int:  6    God:
Gold:   203        SH:  0    Dex: 15    Spells: 4/4 levels left

rFire   . . .      SeeInvis .    a - +1 shortbow
rCold   . . .      Faith    .    (shield currently unavailable)
rNeg    . . .      Spirit   .    c - +1 leather armour
rPois   .          Reflect  .    (helmet restricted)
rElec   .          Harm     .    (no cloak)
rCorr   .          Rampage  .    (no gloves)
Will    .....                    (no boots)
Stlth   ++........               (no amulet)
HPRegen 0.27/turn                (no ring)
MPRegen 0.09/turn                (no ring)

@: about to teleport
A: horns 2, retaliatory headbutt
a: no special abilities


You were on level 4 of the Dungeon.
You visited 1 branch of the dungeon, and saw 4 of its levels.

You collected 203 gold pieces.

Inventory:

Hand Weapons
 a - a +1 shortbow (weapon)
Missiles
 d - 13 poisoned darts
 e - 66 stones
 i - 2 throwing nets {=f !f}
Armour
 c - a +1 leather armour (worn)
Jewellery
 g - a ring of protection from cold
Wands
 h - a wand of flame (7)
 l - a wand of iceblast (6)
Scrolls
 b - a scroll of immolation
 j - a scroll of acquirement {unknown}
 n - 3 scrolls of teleportation
Potions
 f - a potion of resistance
 m - a potion of might {unknown}
 o - a potion of flight {unknown}
 p - a potion of attraction {unknown}


   Skills:
 + Level 4.1 Fighting
 + Level 5.3 Ranged Weapons
 + Level 3.7 Dodging
 + Level 2.6 Stealth


You had 4 spell levels left.
You didn't know any spells.
Your spell library contained the following spells:

 Spells                   Type           Power      Damage    Failure   Level
 Ozocubu's Armour         Ice            0%         N/A       88%         3
 Ozocubu's Refrigeration  Ice            0%         4d7       100%        7


Dungeon Overview and Level Annotations

Branches:
Dungeon (4/15)
 Temple: D:4-7

Altars:
Uskayaw


Innate Abilities, Weirdness & Mutations

You have a pair of horns on your head.
You reflexively headbutt those who attack you in melee.


Message History

Something hits you. Something shocks you.
Fire: a) +1 shortbow
Press: ? - help, Q - select action, (/) - cycle Shift-Dir - straight line You shoot an arrow.
Something hits you. Something shocks you.
Something hits you but does no damage.
Fire: a) +1 shortbow
Press: ? - help, Q - select action, (/) - cycle Shift-Dir - straight line You shoot an arrow.
Something hits you but does no damage.
Fire: a) +1 shortbow
Press: ? - help, Q - select action, (/) - cycle Shift-Dir - straight line You shoot an arrow.
Something barely misses you.
Fire: a) +1 shortbow
Press: ? - help, Q - select action, (/) - cycle Shift-Dir - straight line You shoot an arrow.
Something hits you but does no damage.
A sky beast appears from thin air!
Reactivating autopickup.
The sky beast hits you. The sky beast shocks you.
Fire: a) +1 shortbow
Press: ? - help, Q - select action, (/) - cycle Shift-Dir - straight line, f - sky beast
Aim: a sky beast (rain, heavily wounded, 54% to hit)
You shoot an arrow. The arrow closely misses the sky beast.
The sky beast hits you but does no damage.
Fire: a) +1 shortbow
Press: ? - help, Q - select action, (/) - cycle Shift-Dir - straight line, f/p - sky beast
Aim: a sky beast (heavily wounded, 54% to hit)
You shoot an arrow. The arrow hits the sky beast.
The sky beast is heavily wounded.
The sky beast flickers out of sight!
Deactivating autopickup; reactivate with Ctrl-A.
Something hits you but does no damage.
Fire: a) +1 shortbow
Press: ? - help, Q - select action, (/) - cycle Shift-Dir - straight line You shoot an arrow.
Something hits you but does no damage.
Fire: a) +1 shortbow
Press: ? - help, Q - select action, (/) - cycle Shift-Dir - straight line, f - you Really target yourself? [Y]es or [N]o only, please.
Really target yourself? [Y]es or [N]o only, please.
Really target yourself?
Okay, then.
Fire: a) +1 shortbow
Press: ? - help, Q - select action, (/) - cycle Shift-Dir - straight line You shoot an arrow.
Something hits you but does no damage. Something hits you.
Something shocks you.
Aiming: Throw Flame
Press: ? - help, Q - select action, (/) - cycle Shift-Dir - straight line Something hits you.
Something shocks you.
* * * LOW HITPOINT WARNING * * *
You feel better.
A sky beast appears from thin air!
Reactivating autopickup.
The sky beast closely misses you.
Fire: a) +1 shortbow
Press: ? - help, Q - select action, (/) - cycle Shift-Dir - straight line, f - sky beast
Aim: a sky beast (rain, heavily wounded, 54% to hit)
You shoot an arrow.
The arrow hits the sky beast but does no damage.
The sky beast is heavily wounded.
The sky beast flickers out of sight!
Deactivating autopickup; reactivate with Ctrl-A.
Something hits you. Something shocks you.
* * * LOW HITPOINT WARNING * * *
You feel better.
A sky beast appears from thin air!
Reactivating autopickup.
The sky beast completely misses you.
Fire: a) +1 shortbow
Press: ? - help, Q - select action, (/) - cycle Shift-Dir - straight line, f/p - sky beast
Aim: a sky beast (rain, heavily wounded, 54% to hit)
You shoot an arrow. The arrow barely misses the sky beast.
The sky beast flickers out of sight!
Deactivating autopickup; reactivate with Ctrl-A.
Something hits you but does no damage.
You feel better. Something barely misses you.
Fire: a) +1 shortbow
Press: ? - help, Q - select action, (/) - cycle Shift-Dir - straight line You shoot an arrow.
Something hits you but does no damage.
Fire: a) +1 shortbow
Press: ? - help, Q - select action, (/) - cycle Shift-Dir - straight line You shoot an arrow.
Something hits you. Something shocks you. Something hits you.
Something shocks you.
* * * LOW HITPOINT WARNING * * *
Fire: a) +1 shortbow
Press: ? - help, Q - select action, (/) - cycle Shift-Dir - straight line You shoot an arrow.
Something hits you.
* * * LOW HITPOINT WARNING * * *
Something shocks you.
* * * LOW HITPOINT WARNING * * *
As you read the scroll of teleportation, it crumbles to dust.
You feel strangely unstable. Something hits you.
* * * LOW HITPOINT WARNING * * *
Something shocks you.
You die...

#.# #.# #.#
#.# #.#####
#.....#
#.....#
#.....#
#@....#
......{.....#
............#
...........##
...........#
.##.##.!...#
.. #.....# #.
##.####


There were no monsters in sight!

Vanquished Creatures
  Ijyb (D:3)
  Natasha (twice) (D:3)
  Terence (D:3)
  5 adders
  4 dart slugs
  5 orcs (D:3)
  3 ball pythons
  10 endoplasms
  3 giant cockroaches
  4 goblins
  5 hobgoblins
  8 kobolds
  2 quokkas
  7 bats
  A frilled lizard (D:1)
  5 rats
66 creatures vanquished.

Notes
Turn   | Place    | Note
-------+----------+-------------------------------------------
     0 | D:1      | Darkkill the Minotaur Hunter began the quest for the Orb.
     0 | D:1      | Reached XP level 1. HP: 18/18 MP: 0/0
    81 | D:1      | Reached skill level 1 in Stealth
   162 | D:1      | Reached XP level 2. HP: 25/25 MP: 1/1
   710 | D:2      | Found a hide-covered altar of Uskayaw.
   718 | D:2      | Reached XP level 3. HP: 31/31 MP: 2/2
  1485 | D:3      | Noticed Ijyb
  1493 | D:3      | Noticed Terence
  1498 | D:3      | HP: 4/31 [Ijyb/puff of flame (7)]
  1501 | D:3      | Killed Ijyb
  1502 | D:3      | Reached XP level 4. HP: 31/38 MP: 3/3
  1565 | D:3      | Killed Terence
  1566 | D:3      | Reached skill level 5 in Ranged Weapons
  1770 | D:3      | Reached XP level 5. HP: 46/46 MP: 4/4
  1892 | D:3      | Noticed Natasha
  1903 | D:3      | Killed Natasha
  2082 | D:3      | Noticed Natasha
  2089 | D:3      | Killed Natasha
  2352 | D:4      | Noticed a sky beast
  2365 | D:4      | HP: 9/46 [something (5)]
  2373 | D:4      | HP: 6/46 [something (5)]
  2374 | D:4      | Slain by a sky beast

Illustrated notes

Levels and vault maps discovered:
D:1:      dpeg_arrival_round_c, layout_rooms
D:2:      layout_loops_ring, basic_altar
D:3:      layout_basic, uniq_terence, uniq_natasha, uniq_ijyb
D:4:      layout_basic, elyvilon_altar_1

Skill      XL: |  1  2  3  4  5 |
---------------+----------------+-----
Stealth        | 1 2 |  2.6
Fighting       | 3 4 |  4.1
Dodging        | 3 |  3.7
Ranged Weapons | 5 |  5.3

Action                   |  1- 3 |  4- 6 || total
-------------------------+-------+-------++-------
 Fire: Shortbow          |    99 |   100 ||   199
Evoke: Wand              |       |     1 ||     1
  Use: Scroll            |     8 |     3 ||    11
       Potion            |     2 |     3 ||     5
Armor: Leather armour    |    13 |    17 ||    30
Dodge: Dodged            |    24 |    29 ||    53

Table legend: (Time is in decaauts)
 A = Elapsed time spent in this place.
 B = Non-inter-level travel time spent in this place.
 C = Inter-level travel time spent in this place.
 D = Time resting spent in this place.
 E = Time spent auto-exploring this place.
 F = Levels seen in this place.
 G = Mean time per level.
                   A        B        C        D        E       F      G
               +--------+--------+--------+--------+--------+-----+--------+
         Total |   2446 |   2412 |     34 |    200 |   1813 |   4 |  611.5 |
       Dungeon |   2446 |   2412 |     34 |    200 |   1813 |   4 |  611.5 |
               +--------+--------+--------+--------+--------+-----+--------+

Top non-repeatable levels by time:
     D:3: 843 daAuts
     D:1: 720 daAuts
     D:2: 654 daAuts
     D:4: 228 daAuts

Table legend:
 A = Kills in this place as a percentage of kills in entire the game.
 B = Kills by you in this place as a percentage of kills by you in the entire game.
 C = Kills by friends in this place as a percentage of kills by friends in the entire game.
 D = Other kills in this place as a percentage of other kills in the entire game.
 E = Experience gained in this place as a percentage of experience gained in the entire game.
 F = Experience gained in this place divided by the number of levels of this place that you have seen.
                   A       B       C       D       E      F
               +-------+-------+-------+-------+-------+----------------------
         Total | 100.0 | 100.0 |   N/A |   N/A | 100.0 |  79.8
       Dungeon | 100.0 | 100.0 |   N/A |   N/A | 100.0 |  79.8
               +-------+-------+-------+-------+-------+----------------------
